 Dungeon Crawl Stone Soup version 0.18-a0-1639-g7533f42 (webtiles) character file.

185 syage the Shield-Bearer (level 5, 0/28 HPs)
             Began as a Vine Stalker Fighter on Mar 27, 2016.
             Succumbed to a worker ant's poison
             ... on level 4 of the Dungeon.
             The game lasted 01:04:20 (2478 turns).

syage the Shield-Bearer (Vine Stalker Fighter)      Turns: 2478, Time: 01:04:20

Health: 0/28       AC:  8    Str: 19    XL:     5   Next: 64%
Magic:  6/6        EV:  7    Int:  8    God:
Gold:   138        SH:  9    Dex: 14    Spells: 0 memorised, 4 levels left

rFire  + . .     SeeInvis .     a - +0 war axe
rCold  . . .     Gourm    .     x - +0 scale mail {rF+}
rNeg   . . .     Faith    .     c - +0 shield
rPois  .         Spirit   +     p - +0 helmet
rElec  .         Dismiss  .     (no cloak)
rCorr  .         Reflect  .     (no gloves)
SustAt .         Harm     .     (no boots)
MR     .....                    (no amulet)
Stlth  +.........               (no ring)
                                k - ring of stealth (curse)

@: lethally poisoned (0 -> -7), not resistant to hostile enchantments, very
unstealthy
A: fangs 2, regeneration 1, magic shield, antimagic bite, no device heal 3, rot
immunity
a: no special abilities


You were on level 4 of the Dungeon.
You were hungry.

You visited 1 branch of the dungeon, and saw 4 of its levels.

You collected 138 gold pieces.

Inventory:

Hand Weapons
 a - a +0 war axe (weapon)
 o - a +1 dagger of pain
Armour
 b - a +0 scale mail
 c - a +0 shield (worn)
 p - a +0 helmet (worn)
 x - a +0 scale mail of fire resistance (worn)
Jewellery
 k - a cursed ring of stealth (left hand)
Wands
 n - a wand of paralysis (8/24)
Scrolls
 h - 3 scrolls of identify
 i - a scroll of random uselessness {unknown}
 j - 2 scrolls of amnesia {unknown}
 l - 3 scrolls of recharging {unknown}
 m - 2 scrolls of fear {unknown}
 r - a scroll of teleportation {unknown}
 t - 2 scrolls of enchant armour {unknown}
 y - 2 scrolls of immolation {unknown}
 B - a scroll of remove curse {unknown}
 F - a scroll of magic mapping {unknown}
Potions
 d - 2 potions of might
 e - a potion of degeneration {unknown}
 s - 2 potions of heal wounds {unknown}
 u - a potion of invisibility {unknown}
 v - 2 potions of curing
 z - a potion of haste {unknown}
 D - a potion of cancellation {unknown}
Books
 C - a book of Unlife

   Spells                             Type                      Level
   a - Recall                         Summoning/Translocation      3
   b - Animate Dead                   Necromancy                   4
   c - Control Undead                 Necromancy                   4
   d - Cigotuvi's Embrace             Necromancy                   5
   e - Death Channel                  Necromancy                   6
   f - Simulacrum                     Ice/Necromancy               6
Comestibles
 f - 4 bread rations
 g - 4 meat rations
 q - a royal jelly
 w - 2 fruits
 A - a slice of pizza
 E - 2 chunks of flesh


   Skills:
 + Level 3.3 Fighting
 + Level 2.6 Axes
 + Level 3.4 Armour
 + Level 3.9 Shields


You had 4 spell levels left.
You didn't know any spells.

Dungeon Overview and Level Annotations

Branches:
Dungeon (4/15)
 Temple: D:4-7

Altars:
Makhleb
Nemelex Xobeh
Zin

Shops:
D:4 !


Innate Abilities, Weirdness & Mutations

You have extremely sharp teeth.
Your natural rate of healing is unusually fast.
When hurt, damage is shared between your health and your magic reserves.
Your bite disrupts and absorbs the magic of your enemies.
Potions and wands cannot restore your health.
You are immune to rotting.


Message History

* * * LOW HITPOINT WARNING * * *
You feel sick.
You slash the worker ant!
You kill the worker ant!
* * * LOW HITPOINT WARNING * * *
You feel very sick. The adder closely misses you.
You are feeling hungry.
Your shield prevents you from hitting the adder.
* * * LOW HITPOINT WARNING * * *
You feel sick. The adder bites you but does no damage. The adder bites you.
* * * LOW HITPOINT WARNING * * *
You hit the adder.
The adder is severely wounded.
* * * LOW HITPOINT WARNING * * *
You feel sick. You block the adder's attack.
The adder bites you but does no damage.
You closely miss the adder.
The adder is severely wounded.
You die...

#....#.#.....##.........
#....#....#.............
##......................
...###..#.∩.###.........
...# #..(...# #.........
...# #..###.# #.........
##.###..# #.# #.........
....##..###.####S#######
.......>........@.......
##....#####.##...#######
##....# #..##...#
......# #.###...#
##....# #.# #...#
##....# #.# #...#
##....# #.# ##..#
##....# #.#####.#
######### #....#
#.#.....# #........


You could see an adder.

Vanquished Creatures
  An orc priest (D:4)
  A worker ant (D:4)
  Robin (D:2)
  An adder (D:2)
  An ooze (D:2)
  2 worms (D:2)
  4 dart slugs
  2 giant geckos
  4 orcs
  8 giant cockroaches
  15 goblins
  5 hobgoblins
  8 jackals
  8 kobolds
  A quokka (D:3)
  10 bats
  7 giant newts
  7 rats
86 creatures vanquished.

Notes
Turn   | Place    | Note
--------------------------------------------------------------
     0 | D:1      | syage the Vine Stalker Fighter began the quest for the Orb.
     0 | D:1      | Reached XP level 1. HP: 11/11 MP: 2/2
   219 | D:1      | Reached XP level 2. HP: 16/16 MP: 3/3
   509 | D:1      | Reached XP level 3. HP: 16/19 MP: 4/4
   919 | D:2      | Noticed Robin
   929 | D:2      | Killed Robin
   929 | D:2      | Reached XP level 4. HP: 20/24 MP: 5/5
  1278 | D:2      | Found a glowing silver altar of Zin.
  1862 | D:3      | Found a sparkling altar of Nemelex Xobeh.
  1968 | D:3      | Reached XP level 5. HP: 19/28 MP: 6/6
  2165 | D:4      | Found a burning altar of Makhleb.
  2185 | D:4      | Found Edoingu's Distillery.
  2477 | D:4      | HP: 1/28 [poisoned by a worker ant]
  2478 | D:4      | Succumbed to a worker ant's poison

Vault maps used:
D:1:      minmay_arrival_doors
D:2:      marbit_many_paths, uniq_robin
D:3:      first_bread, nemelex_xobeh_ov_fountains_minmay
D:4:      tso_oasis_becter, nicolae_overflow_crystal_walls, serial_shops,
          nicolae_shop_stone

Skill      XL: |  1  2  3 |
---------------+----------+-----
Shields        | 3 |  3.9
Fighting       | 3 |  3.3
Axes           | 2 |  2.6
Armour         | 3 |  3.4

Action                   |  1- 3 |  4- 6 || total
-------------------------+-------+-------++-------
Melee: War axe           |   128 |    92 ||   220
  Use: Scroll            |       |     1 ||     1
 Stab: Sleeping          |     1 |       ||     1
  Eat: Chunk             |       |     5 ||     5
